 Dungeon Crawl Stone Soup version 0.29-a0-43-g62a80824bf (webtiles) character file.

Game seed: 3987674674123425551

2040 Woods the Basher (level 9, -1/72 HPs)
             Began as a Minotaur Berserker on Feb 3, 2022.
             Was a Priest of Trog.
             Killed from afar by a steam dragon (3 damage)
             ... with a ball of steam
             ... on level 7 of the Dungeon.
             The game lasted 00:12:03 (7029 turns).

Woods the Basher (Minotaur Berserker)               Turns: 7029, Time: 00:12:04

Health: -1/72      AC: 10    Str: 24    XL:     9   Next: 4%
Magic:  0/8        EV:  9    Int:  4    God:    Trog [***...]
Gold:   430        SH:  0    Dex: 12    Spells: 8/8 levels left

rFire   . . .      SeeInvis .   a - +0 mace
rCold   . . .      Faith    .   (no shield)
rNeg    . . .      Spirit   +   m - +0 chain mail
rPois   .          Reflect  .   u - +1 hat
rElec   .          Harm     .   (no cloak)
rCorr   .          Rampage  .   t - +0 pair of gloves
Will    .....                   (no boots)
Stlth   ..........              c - amulet of guardian spirit
HPRegen 0.22/turn               (no ring)
MPRegen 0.11/turn               (no ring)

@: on berserk cooldown, attractive
A: horns 2, retaliatory headbutt
a: Renounce Religion, Berserk, Trog's Hand


You were on level 7 of the Dungeon.
You worshipped Trog.
Trog was most pleased with you.
You visited 2 branches of the dungeon, and saw 8 of its levels.

You collected 430 gold pieces.

Inventory:

Hand Weapons
 a - a +0 mace (weapon)
Armour
 m - a +0 chain mail (worn)
 t - a +0 pair of gloves (worn)
 u - a +1 hat (worn)
Jewellery
 c - an amulet of guardian spirit (around neck)
Scrolls
 b - 2 scrolls of identify {unknown}
 d - 2 scrolls of teleportation
 e - a scroll of enchant armour {unknown}
 f - a scroll of torment {unknown}
 h - 3 scrolls of noise {unknown}
 i - 2 scrolls of immolation {unknown}
 j - a scroll of fog {unknown}
 l - a scroll of enchant weapon {unknown}
 n - 2 scrolls of brand weapon {unknown}
 v - a scroll of fear {unknown}
Potions
 g - a potion of lignification {unknown}
 k - 2 potions of degeneration {unknown}
 o - 2 potions of attraction
 p - a potion of brilliance {unknown}
 q - 2 potions of heal wounds {unknown}
 r - a potion of haste {unknown}
 s - a potion of curing


   Skills:
 + Level 4.3 Fighting
 - Level 14.0 Maces & Flails
 - Level 2.4 Armour
 + Level 3.0 Dodging


You had 8 spell levels left.
You didn't know any spells.
Your spell library was empty.

Dungeon Overview and Level Annotations

Branches:
Dungeon (7/15)             Temple (1/1) D:5

Altars:
Ashenzari
Cheibriados
Dithmenos
Elyvilon
Fedhas
Gozag
Hepliaklqana
Kikubaaqudgha
Makhleb
Nemelex Xobeh
Okawaru
Qazlal
Ru
Sif Muna
Trog
Uskayaw
Vehumet
Wu Jian
Xom
Yredelemnul
Zin
The Shining One

Shops:
D:1 *


Innate Abilities, Weirdness & Mutations

You have a pair of horns on your head.
You reflexively headbutt those who attack you in melee.


Message History

The steam dragon claws you.
* * * LOW HITPOINT WARNING * * *
The steam dragon bites you.
* * * LOW HITPOINT WARNING * * *
The steam dragon barely misses you. The steam dragon bites you.
* * * LOW HITPOINT WARNING * * *
The steam dragon claws you.
You hit the steam dragon but do no damage.
You punch the steam dragon.
The steam dragon is severely wounded.
The steam dragon breathes steam at you. The ball of steam hits you!
* * * LOW HITPOINT WARNING * * *
It was a potion of attraction.
You feel attractive to monsters.
The steam dragon bites you but does no damage.
The steam dragon claws you.
* * * LOW HITPOINT WARNING * * *
The steam dragon closely misses you. The steam dragon barely misses you.
It was a potion of curing.
You feel better.
The steam dragon bites you but does no damage.
The steam dragon claws you.
* * * LOW HITPOINT WARNING * * *
You feel better.
The steam dragon bites you but does no damage.
The steam dragon claws you but does no damage.
The steam dragon breathes steam at you. The ball of steam hits you!
* * * LOW HITPOINT WARNING * * *
You completely miss the steam dragon.
The steam dragon is severely wounded.
The steam dragon breathes steam at you. The ball of steam hits you!
* * * LOW HITPOINT WARNING * * *
The steam dragon breathes steam at you. The ball of steam misses you.
You feel yourself speed up. The steam dragon breathes steam at you.
The ball of steam hits you.
You die...

##...## ##
##.....## ###.
#!......# #...
#.......# ##.##
#.......######..##
#.....##..)...##.
##........######..
#..§§...### #..#
#@§.§...#######...
#.§D§...........##
##.....)#######.#
#....#.# #.#
...####... #.#
....# ###.# ##.#
....# #.####..#
....# #...#..##
....# #...####


You could see a steam dragon (catching breath).

Vanquished Creatures
  Pikel (D:7)
  An ice beast (D:6)
  2 ogres
  A phantom (D:5)
  A kobold brigand (D:6)
  2 bullfrogs (D:6)
  5 scorpions
  A water moccasin skeleton (D:5)
  6 killer bees (D:7)
  A bullfrog zombie (D:7)
  A hound (D:5)
  A bullfrog skeleton (D:6)
  4 orc priests (D:6)
  An iguana (D:5)
  4 orc wizards
  A howler monkey zombie (D:5)
  A howler monkey skeleton (D:7)
  3 adders
  3 ufetubi
  7 worms
  A dart slug (D:2)
  16 orcs
  11 ball pythons
  4 endoplasms
  3 giant cockroaches
  6 goblins
  3 hobgoblins
  5 kobolds
  3 quokkas
  6 bats
  2 frilled lizards
  6 rats
113 creatures vanquished.

Vanquished Creatures (others)
  An ice beast (D:7)
1 creature vanquished.

Grand Total: 114 creatures vanquished

Notes
Turn   | Place    | Note
-------+----------+-------------------------------------------
     0 | D:1      | Woods the Minotaur Berserker began the quest for the Orb.
     0 | D:1      | Reached XP level 1. HP: 19/19 MP: 0/0
   160 | D:1      | Reached skill level 4 in Maces & Flails
   315 | D:1      | Found Pihait's Assorted Antiques.
   337 | D:1      | Reached XP level 2. HP: 26/26 MP: 1/1
   942 | D:1      | Found a faded altar of an unknown god.
  1094 | D:2      | Reached skill level 5 in Maces & Flails
  1325 | D:2      | Reached XP level 3. HP: 31/31 MP: 2/2
  1581 | D:2      | Reached ** piety under Trog
  2369 | D:3      | Noticed a scorpion
  2374 | D:3      | Killed a scorpion
  2375 | D:3      | Reached skill level 6 in Maces & Flails
  2375 | D:3      | Reached XP level 4. HP: 39/39 MP: 3/3
  3268 | D:4      | Reached XP level 5. HP: 45/45 MP: 4/4
  3270 | D:4      | Reached skill level 7 in Maces & Flails
  3332 | D:5      | Entered Level 5 of the Dungeon
  3405 | D:5      | Noticed a phantom
  3411 | D:5      | Killed a phantom
  3412 | D:5      | Reached skill level 8 in Maces & Flails
  3412 | D:5      | Reached XP level 6. HP: 51/51 MP: 5/5
  3735 | D:5      | Reached skill level 9 in Maces & Flails
  3985 | D:5      | Found a staircase to the Ecumenical Temple.
  4004 | D:5      | Reached XP level 7. HP: 57/57 MP: 6/6
  4045 | Temple   | Entered the Ecumenical Temple
  4578 | D:6      | Reached skill level 10 in Maces & Flails
  4642 | D:6      | Reached skill level 11 in Maces & Flails
  5146 | D:6      | Found a broken altar of Ashenzari.
  5465 | D:6      | Reached *** piety under Trog
  5470 | D:6      | Reached XP level 8. HP: 42/64 MP: 7/7
  5773 | D:6      | Reached skill level 12 in Maces & Flails
  6589 | D:7      | Reached skill level 13 in Maces & Flails
  6988 | D:7      | Noticed Pikel
  6999 | D:7      | Killed Pikel
  7000 | D:7      | Reached skill level 14 in Maces & Flails
  7000 | D:7      | Reached XP level 9. HP: 72/72 MP: 8/8
  7020 | D:7      | HP: 2/72 [steam dragon/ball of steam (8)]
  7026 | D:7      | HP: 1/72 [steam dragon/ball of steam (14)]
  7029 | D:7      | Killed from afar by a steam dragon

Illustrated notes

Levels and vault maps discovered:
D:1:      dpeg_arrival_concentric_ovals, layout_basic, serial_shops,
          nicolae_shop_statue_plus, shapermc_ecumenical_altar_petra,
          nrook_mini_vaults, grunt_decor_arrowhead, serial_bayou_lagoon_a
D:2:      layout_loops_corners
D:3:      layout_rooms, nicolae_figureground_sparkle
D:4:      layout_loops_cross, nicolae_wormholes
D:5:      layout_basic, minmay_temple_entry_junction,
          amcnicky_mini_corridor_feature
D:6:      layout_cave_pools, nicolae_ashenzari_skybound, serial_rivers,
          chequers_serial_rivers_marsh, chequers_serial_rivers_micro_d,
          chequers_serial_rivers_micro_a, chequers_serial_rivers_micro_b,
          chequers_serial_rivers_large_a, kennysheep_opposing_triangles
D:7:      layout_rooms, uniq_pikel
Temple:   kilobyte_greek_temple

Skill      XL: |  1  2  3  4  5  6  7  8 |
---------------+-------------------------+-----
Maces & Flails | 4 5 6 8 9 11 14 | 14.0
Fighting       | 4 |  4.3
Dodging        | 3 |  3.0
Armour         | |  2.4

Action                   |  1- 3 |  4- 6 |  7- 9 || total
-------------------------+-------+-------+-------++-------
Melee: Mace              |    74 |    72 |   180 ||   326
       Headbutt          |     7 |    14 |    27 ||    48
       Punch             |     1 |       |     1 ||     2
Invok: Berserk           |     1 |     4 |     5 ||    10
  Use: Scroll            |       |       |     2 ||     2
       Potion            |       |       |     3 ||     3
Armor: Animal skin       |    18 |     4 |       ||    22
       Chain mail        |       |    15 |    68 ||    83
Dodge: Dodged            |    42 |    25 |    76 ||   143

Table legend: (Time is in decaauts)
 A = Elapsed time spent in this place.
 B = Non-inter-level travel time spent in this place.
 C = Inter-level travel time spent in this place.
 D = Time resting spent in this place.
 E = Time spent auto-exploring this place.
 F = Levels seen in this place.
 G = Mean time per level.
                   A        B        C        D        E       F      G
               +--------+--------+--------+--------+--------+-----+--------+
         Total |   7113 |   6950 |    163 |   1323 |   4640 |   8 |  889.1 |
       Dungeon |   6903 |   6777 |    126 |   1323 |   4496 |   7 |  986.1 |
        Temple |    210 |    173 |     37 |      0 |    144 |   1 |  210.0 |
               +--------+--------+--------+--------+--------+-----+--------+

Top non-repeatable levels by time:
     D:6: 1760 daAuts
     D:5: 1190 daAuts
     D:2: 1114 daAuts
     D:1: 992 daAuts
     D:3: 828 daAuts
     D:7: 585 daAuts
     D:4: 430 daAuts
  Temple: 210 daAuts
